 Dungeon Crawl Stone Soup version 0.31-a0-1002-g8e65716e6e (webtiles) character file.

Game seed: 16953313348154398270

2436 Dirtsage the Martial Artist (level 9, -13/61 HPs)
             Began as an Octopode Shapeshifter on Nov 9, 2023.
             Was an Initiate of Gozag.
             Mangled by an ice beast (14 damage)
             ... on level 7 of the Dungeon.
             The game lasted 00:17:31 (6088 turns).

Dirtsage the Martial Artist (Octopode Shapeshifter) Turns: 6088, Time: 00:17:31

Health: -13/61     AC:  1    Str: 14    XL:     9   Next: 49%
Magic:  9/9        EV: 14    Int: 12    God:    Gozag
Gold:   617        SH:  0    Dex: 15    Spells: 3/8 levels left

rFire   . .          .
                       - Unarmed
rCold   . . .        (no shield)
rNeg    . . .        (helmet currently unavailable)
rPois   .            (no amulet)
rElec   .            (no ring)
rCorr   .            (no ring)
SInv    .            (no ring)
Will    .....        (no ring)
Stlth   ++++         (no ring)
HPRegen 0.30/turn    (no ring)
MPRegen 0.11/turn    (no ring)
                     (no ring)

%: no passive effects
@: beast-form, gold aura, studying Transmutations
A: beast (slay +3), almost no armour, amphibious, 8 rings, camouflage 1,
gelatinous body 1, (nimble swimmer 1), tentacles
a: Begin Untransformation, Renounce Religion, Potion Petition, Call Merchant,
Bribe Branch


You were on level 7 of the Dungeon.
You worshipped Gozag.
Gozag was pleased with you.
You were a hulking beast.
You visited 1 branch of the dungeon, and saw 7 of its levels.
You also visited: Sewer.

You collected 690 gold pieces.
You paid 73 gold pieces to Gozag.

Inventory:

Missiles
 v - a throwing net
Armour
 x - a +2 hat
Jewellery
 u - a ring of fire
Talismans
 b - a beast talisman
 c - a flux talisman
 i - a maw talisman
 w - a maw talisman
Wands
 m - a wand of iceblast (3)
 z - a wand of polymorph (8)
Scrolls
 e - a scroll of fog
 f - a scroll of enchant armour
 g - 2 scrolls of fear
 k - 3 scrolls of amnesia
 l - a scroll of revelation
 s - a scroll of summoning
 t - a scroll of teleportation
 y - a scroll of poison
 B - 2 scrolls of blinking
Potions
 a - a potion of lignification
 d - 2 potions of brilliance
 h - 2 potions of haste
 j - a potion of ambrosia
 n - a potion of attraction
 o - a potion of cancellation {unknown}
 p - a potion of enlightenment {unknown}
 q - 2 potions of curing
 r - a potion of magic {unknown}


   Skills:
 + Level 5.3 Fighting
 + Level 3.5 Dodging
 + Level 4.1 Stealth
 * Level 8.0 Unarmed Combat
 + Level 2.5 Conjurations
 + Level 2.5 Ice Magic
 + Level 2.6 Air Magic
 * Level 5.7 Shapeshifting


You had 3 spell levels left.
You knew the following spells:

 Your Spells              Type           Power      Damage    Failure   Level
a - Freezing Cloud        Conj/Ice/Air   3%         6-21      97%         5

Your spell library contained the following spells:

 Spells                   Type           Power      Damage    Failure   Level
 Magic Dart               Conj           24%        1d4       12%         1
 Searing Ray              Conj           12%        2d4       19%         2
 Ensorcelled Hibernation  Hex/Ice        6%         N/A       30%         2
 Poisonous Vapours        Pois/Air       6%         N/A       30%         2
 Swiftness                Air            6%         N/A       34%         3
 Passwall                 Tmut/Erth      0%         N/A       45%         2
 Mephitic Cloud           Conj/Pois/Air  4%         N/A       45%         3
 Fulminant Prism          Conj/Hex       1%         3d5       89%         4
 Vhi's Electric Charge    Tloc/Air       6%         N/A       89%         4
 Passage of Golubria      Tloc           0%         N/A       97%         4
 Arcjolt                  Conj/Air       3%         1d13      97%         5
 Silence                  Hex/Air        1%         N/A       99%         5
 Lehudib's Crystal Spear  Conj/Erth      1%         10d2      100%        8
 Maxwell's Capacitive Co  Air            3%         ∞         100%        8


Dungeon Overview and Level Annotations

Branches:
Dungeon (7/15)              Sewer (visited)
 Temple: D:4-7

Altars:
Dithmenos
Elyvilon
Gozag
Hepliaklqana
Nemelex Xobeh
Qazlal
Ru
Sif Muna
Yredelemnul

Annotations:
D:3 1 runed translucent door, Crazy Yiuf


Innate Abilities, Weirdness & Mutations

You are a hulking beast.
Your limbs bulge with bestial killing power. (Slay +3)
You cannot wear most types of armour.
You are amphibious.
You can wear up to eight rings at the same time.
Your skin changes colour to match your surroundings (Stealth+).
Your rubbery body absorbs attacks. (AC +1, EV +1)
((You are camouflaged when in or above water. (Stealth+)))
You have tentacles for arms and can constrict up to eight enemies at once.


Message History

You take 9 damage, and have 37/61 hp.
You are too injured to fight recklessly!
You are too injured to fight recklessly!
You bludgeon the orc!
You kill the orc!
You constrict the orc. The orc hits you with a +0 dagger.
You take 4 damage, and have 33/61 hp.
You bludgeon the orc!
You kill the orc!
You tentacle-slap the ice beast. You squeeze the ice beast.
The ice beast is moderately wounded.
You tentacle-slap the ice beast but do no damage.
You squeeze the ice beast, but do no damage.
The ice beast is moderately wounded.
The ice beast is distracted by your dazzling golden aura.
You closely miss the ice beast.
The ice beast is no longer distracted by gold.
The ice beast is moderately wounded.
The ice beast hits you. The ice beast freezes you!
* * * LOW HITPOINT WARNING * * *
You take 17 damage, and have 17/61 hp.
MASSIVE DAMAGE!!
You bludgeon the ice beast! You squeeze the ice beast.
The ice beast is almost dead.
The ice beast is distracted by your dazzling golden aura.
You tentacle-slap the ice beast.
The ice beast is no longer distracted by gold.
The ice beast is almost dead.
The ice beast hits you.
* * * LOW HITPOINT WARNING * * *
The ice beast freezes you!
* * * LOW HITPOINT WARNING * * *
You take 11 damage, and have 6/61 hp.
You tentacle-slap the ice beast but do no damage.
Your tentacle-slap misses the ice beast.
The ice beast is almost dead.
The ice beast hits you.
* * * LOW HITPOINT WARNING * * *
The ice beast freezes you!
You die...
Your body crumbles into a pile of gold.

##..# ##..##..#
###....#### ###..#
#..##...# .# #.....#####
.###..#..##....# .#
#..........
..####.###....###.#
#....###### ...# ...
#...####.#####....###
.).#
#..#.......#..........
.....
#..#...........#.......
...###
#..#.......#.#.#.......
...#
#......h...#...#.......
..##
#.....$Y$..###.....<...
.##
.....#..................
# ##...##............
.### #.>..
..............
#...##..........# .## ..
...........#
............#


You could see an ice beast.

Vanquished Creatures
  A blink frog (D:7)
  Sigmund (D:3)
  A sky beast (D:7)
  3 black bears
  3 ice beasts
  An orc warrior (D:6)
  2 ogres
  2 phantoms
  A gnoll sergeant (D:7)
  2 bullfrogs (D:7)
  A killer bee (D:7)
  3 howler monkeys
  A hound (D:5)
  A jelly (D:6)
  4 sleepcaps
  Terence (D:2)
  4 iguanas
  7 orc wizards
  A hell rat (Sewer)
  3 gnolls (D:5)
  3 adders
  2 river rats (Sewer)
  3 shadow imps (D:6)
  A white imp (D:6)
  A dart slug (D:1)
  15 orcs
  8 ball pythons
  9 endoplasms
  2 giant cockroaches
  5 goblins
  7 hobgoblins
  10 jackals
  5 kobolds
  7 quokkas
  2 bats
  4 frilled lizards
  11 rats
138 creatures vanquished.

Notes
Turn   | Place    | Note
-------+----------+-------------------------------------------
     0 | D:1      | Dirtsage the Octopode Shapeshifter began the quest for the
                  | Orb.
     0 | D:1      | Reached XP level 1. HP: 13/13 MP: 1/1
   103 | D:1      | Found a faded altar of an unknown god.
   180 | D:1      | Reached XP level 2. HP: 18/18 MP: 2/2
   318 | D:1      | Reached XP level 3. HP: 14/23 MP: 3/3
  1147 | D:2      | Noticed Terence
  1157 | D:2      | Killed Terence
  1158 | D:2      | Reached skill level 4 in Unarmed Combat
  1158 | D:2      | Reached XP level 4. HP: 14/29 MP: 4/4
  1534 | D:2      | You fall into a shaft and drop 2 floors!
  1540 | D:4      | Noticed a black bear
  1548 | D:4      | Killed a black bear
  1549 | D:4      | Reached XP level 5. HP: 31/35 MP: 5/5
  1557 | D:4      | Found a glowing drain.
  1582 | Sewer    | Entered a sewer
  1615 | Sewer    | Reached skill level 5 in Unarmed Combat
  1702 | D:3      | Noticed Sigmund
  1766 | D:3      | Killed Sigmund
  1767 | D:3      | Reached XP level 6. HP: 30/42 MP: 6/6
  1815 | D:3      | Found a white marble altar of Elyvilon.
  1838 | D:3      | Found a runed translucent door.
  1839 | D:3      | Noticed Crazy Yiuf
  1862 | D:3      | Found a sparkling altar of Nemelex Xobeh.
  2440 | D:3      | Found a basalt altar of Yredelemnul.
  2773 | D:4      | Reached XP level 7. HP: 34/46 MP: 7/7
  2827 | D:4      | Reached skill level 6 in Unarmed Combat
  2872 | D:4      | Found a shimmering blue altar of Sif Muna.
  3332 | D:5      | Entered Level 5 of the Dungeon
  3622 | D:5      | Found a stormy altar of Qazlal.
  3720 | D:5      | Reached skill level 1 in Stealth
  3720 | D:5      | Reached XP level 8. HP: 27/54 MP: 8/8
  3854 | D:5      | Learned a level 5 spell: Freezing Cloud
  4082 | D:5      | Found a hazy altar of Hepliaklqana.
  4085 | D:5      | Found a sacrificial altar of Ru.
  4088 | D:5      | Found an opulent altar of Gozag.
  4093 | D:5      | Became a worshipper of Gozag Ym Sagoz the Greedy
  4416 | D:6      | Reached skill level 5 in Shapeshifting
  4481 | D:6      | Reached skill level 7 in Unarmed Combat
  4575 | D:6      | Reached skill level 1 in Conjurations
  4575 | D:6      | Reached skill level 1 in Air Magic
  4576 | D:6      | Reached skill level 1 in Ice Magic
  5036 | D:6      | Found a shadowy altar of Dithmenos.
  5504 | D:7      | Noticed Prince Ribbit
  5530 | D:7      | Prince Ribbit changed into Prince Ribbit the blink frog
  5530 | D:7      | Noticed Prince Ribbit
  5536 | D:7      | Killed Prince Ribbit the blink frog
  5537 | D:7      | Reached skill level 5 in Fighting
  5537 | D:7      | Reached XP level 9. HP: 40/61 MP: 9/9
  5806 | D:7      | HP: 1/61 [ice beast (14)]
  5814 | D:7      | Noticed a troll
  6014 | D:7      | Reached skill level 8 in Unarmed Combat
  6088 | D:7      | HP: 1/61 [ice beast (5)]
  6088 | D:7      | Mangled by an ice beast

Illustrated notes

Levels and vault maps discovered:
D:1:      eino_arrival_cavern_e, layout_basic,
          ebering_ecumenical_altar_abandoned
D:2:      layout_loops_ring, uniq_terence
D:3:      layout_basic, mainiacjoe_overflow_large_starburst,
          yredelemnul_altar_generic, uniq_sigmund, uniq_crazy_yiuf_cottage
D:4:      layout_rooms, mainiacjoe_overflow_six_doors_small,
          mainiacjoe_sewer_entry_somewhere_in_here_1
D:5:      layout_rooms, minitemple, mainiacjoe_overflow_paths,
          serial_co_window_serial, co_window_paths_a, co_window_corner_a,
          co_window_corner_a, co_window_of_opportunity_a, co_window_cross_1,
          co_window_2corner, co_window_broadway_a, co_window_unsneaky_path_b,
          glass_columns_a, glass_columns_b, minmay_misc_feat_pillars,
          amcnicky_mini_pool_small
D:6:      layout_cave_pods, kennysheep_little_box, grunt_decor_clamped,
          eino_small_chamber_without_monster, nrook_mini_vaults,
          minmay_manual_macuahuitl
D:7:      minmay_the_grid_octo_tiled_squarecenter
          [minmay_the_grid_octo_fat_diamond, minmay_the_grid_octo_empty,
          minmay_the_grid_octo_checkered, minmay_the_grid_octo_fan_narrow,
          minmay_the_grid_square_5x5_megaprize_hollow,
          minmay_the_grid_square_5x5_inset, minmay_the_grid_square_5x5_tie,
          minmay_the_grid_square_5x5_n_small,
          minmay_the_grid_square_5x5_percent], layout_basic,
          minmay_temple_entry_enclosed_plants, uniq_prince_ribbit1, uniq_maggie

Skill      XL: |  1  2  3  4  5  6  7  8  9 |
---------------+----------------------------+-----
Fighting       | 2 3 4 5 |  5.3
Unarmed Combat | 4 5 6 7 8 |  8.0
Shapeshifting  | 4 5 |  5.7
Stealth        | 1 3 4 |  4.1
Conjurations   | 2 |  2.5
Air Magic      | 2 |  2.6
Ice Magic      | 2 |  2.5
Dodging        | 3 |  3.5

Action                     |  1- 3 |  4- 6 |  7- 9 || total
---------------------------+-------+-------+-------++-------
  Melee: Unarmed           |    63 |    73 |   160 ||   296
         Constrict         |    17 |    17 |    39 ||    73
         Tentacles         |     8 |    18 |    39 ||    65
         Punch             |     2 |     1 |    10 ||    13
  Evoke: Wand              |       |       |     2 ||     2
    Use: Scroll            |       |     5 |    14 ||    19
         Potion            |       |       |     1 ||     1
   Stab: Sleeping          |     8 |    11 |    13 ||    32
 Armour: Skin              |    22 |    19 |    58 ||    99
  Dodge: Dodged            |    31 |    36 |    70 ||   137

Table legend: (Time is in decaauts)
 A = Elapsed time spent in this place.
 B = Non-inter-level travel time spent in this place.
 C = Inter-level travel time spent in this place.
 D = Time resting spent in this place.
 E = Time spent auto-exploring this place.
 F = Levels seen in this place.
 G = Mean time per level.
                   A        B        C        D        E       F      G
               +--------+--------+--------+--------+--------+-----+--------+
         Total |   6054 |   5884 |    170 |    353 |   4590 |   8 |  756.8 |
       Dungeon |   5953 |   5783 |    170 |    353 |   4527 |   7 |  850.4 |
         Sewer |    101 |    101 |      0 |      0 |     63 |   1 |  101.0 |
               +--------+--------+--------+--------+--------+-----+--------+

Top non-repeatable levels by time:
     D:6: 1132 daAuts
     D:1: 1031 daAuts
     D:5: 914 daAuts
     D:3: 776 daAuts
     D:2: 710 daAuts
     D:4: 696 daAuts
     D:7: 691 daAuts
   Sewer: 101 daAuts
